 Dungeon Crawl Stone Soup version 0.31.0-10-gcf4a605ca0 (webtiles) character file.

Game seed: 12673642774680938843

136 Drazool the Digger (level 5, 0/28 HPs)
             Began as a Kobold Earth Elementalist on Jan 25, 2024.
             Frozen to death by an endoplasm (5 damage)
             ... on level 3 of the Dungeon.
             The game lasted 00:03:22 (2307 turns).

Drazool the Digger (Kobold Earth Elementalist)      Turns: 2307, Time: 00:03:23

Health: 0/28       AC:  9    Str:  6    XL:     5   Next: 43%
Magic:  6/8        EV: 15    Int: 18    God:
Gold:   164        SH:  0    Dex: 15    Spells: 1/8 levels left

rFire   . . .        (weapon restricted)
rCold   . . .        (no shield)
rNeg    . . .        a - +0 robe
rPois   .            (no helmet)
rElec   .            (no cloak)
rCorr   .            (no gloves)
SInv    .            (no boots)
Will    .....        g - amulet of magic regeneration
Stlth   +++          (no ring)
HPRegen 0.24/turn    (no ring)
MPRegen 0.51/turn

%: no passive effects
@: no status effects
A: small, no large weapons, nightstalker 3
a: no special abilities


You were on level 3 of the Dungeon.
You visited 1 branch of the dungeon, and saw 3 of its levels.

You collected 164 gold pieces.


Innate Abilities, Weirdness & Mutations

You are small and have problems with some larger weapons.
You are completely attuned to the shadows.


   Skills:
 - Level 2.4 Dodging
 - Level 2.6 Stealth
 - Level 2.1 Spellcasting
 + Level 1.7 Conjurations
 - Level 5.5 Earth Magic


You had one spell level left.
You knew the following spells:

 Your Spells              Type           Power      Damage    Failure   Level
a - Passwall              Erth           21%        N/A       5%          3
w - Stone Arrow           Conj/Erth      30%        3d8       12%         3
z - Sandblast             Erth           42%        2d11      1%          1

Your spell library contained the following spells:

 Spells                   Type           Power      Damage    Failure   Level
 Brom's Barrelling Bould  Conj/Erth      15%        2d4       36%         4
 Petrify                  Alch/Erth      11%        N/A       50%         4

Inventory:

Armour
 a - a +0 robe (worn)
Jewellery
 g - an amulet of magic regeneration (around neck)
 F - a ring of protection from fire
Wands
 l - a wand of flame (22)
Scrolls
 c - a scroll of noise {unknown}
 f - 2 scrolls of poison {unknown}
 h - a scroll of torment {unknown}
 i - a scroll of acquirement {unknown}
 j - 4 scrolls of enchant weapon {unknown}
 k - a scroll of revelation {unknown}
 m - 2 scrolls of identify {unknown}
 n - 3 scrolls of fear {unknown}
Potions
 b - a potion of magic
 d - a potion of might {unknown}
 e - a potion of lignification {unknown}

Dungeon Overview and Level Annotations

Branches:
Dungeon (3/15)

Altars:

..... ..... #..####
#.....# .. ###....# ...
#.J@#.## ###...
..###.###..########.....
..).o..................#
..###.#####.#####.......
..# #........##.... #.##
#.......###.... ..
##.......###....
.........#......
###..†......#....


You could see an orc priest and an endoplasm.


Message History

The blast of sand hits the orc!
You kill the orc!
An orc comes into view. It is wielding a +0 club.
The blast of sand hits the orc!
You kill the orc!
An orc priest comes into view. It is wielding a +0 hand axe.
The orc priest shouts!
An endoplasm comes into view.
A quokka comes into view.
Things that are here:
a +0 hand axe; 2 boomerangs; an orc corpse The blast of sand misses the orc priest.
The blast of sand hits the quokka!
You kill the quokka!
The endoplasm quivers.
The orc priest invokes the aid of Beogh against you.
Beogh smites you!
You are too injured to fight recklessly!
Unknown command.
Casting: Sandblast (safe; 1% risk of failure)
Confirm with . or Enter, or press ? or * to list all spells.
Aiming: Passwall (quite dangerous; 5% risk of failure)
Press: ? - help, Dir - move target, p - orc priest A rock wall.
The orc priest invokes the aid of Beogh against you.
Beogh smites you!
Ouch! That really hurt!
* * * LOW HITPOINT WARNING * * *
The endoplasm freezes you.
You are frozen.
You die...

Skill      XL: |  1  2  3  4 |
---------------+-------------+-----
Earth Magic    | 4 5 |  5.5
Dodging        | |  2.4
Stealth        | |  2.6
Spellcasting   | |  2.1
Conjurations   | |  1.7

Action                     |  1- 3 |  4- 6 || total
---------------------------+-------+-------++-------
   Cast: Sandblast         |    46 |    43 ||    89
         Passwall          |       |     1 ||     1
 Armour: Robe              |     1 |     6 ||     7
  Dodge: Dodged            |     2 |     7 ||     9

Levels and vault maps discovered:
D:1:      lightli_arrival_noodles, layout_basic,
          shapermc_ecumenical_altar_mp_highgroup
D:2:      layout_loops_corners, uniq_jessica
D:3:      layout_rooms, minitemple, chequers_serial_rivers_micro_a

Notes
Turn   | Place    | Note
-------+----------+-------------------------------------------
     0 | D:1      | Drazool the Kobold Earth Elementalist began the quest for
                  | the Orb.
     0 | D:1      | Reached XP level 1. HP: 10/10 MP: 3/3
   184 | D:1      | Reached XP level 2. HP: 9/15 MP: 1/5
   364 | D:1      | Found a faded altar of an unknown god.
   669 | D:1      | Reached skill level 4 in Earth Magic
   669 | D:1      | Reached XP level 3. HP: 19/19 MP: 4/6
   673 | D:1      | Learned a level 3 spell: Passwall
  1228 | D:2      | Reached XP level 4. HP: 24/24 MP: 5/7
  1724 | D:2      | Noticed Jessica
  1725 | D:2      | Killed Jessica
  1726 | D:2      | Reached skill level 5 in Earth Magic
  1798 | D:2      | Reached XP level 5. HP: 28/28 MP: 6/8
  2225 | D:3      | Learned a level 3 spell: Stone Arrow
  2307 | D:3      | Frozen to death by an endoplasm

Vanquished Creatures
  Jessica (D:2)
  2 adders (D:3)
  A dart slug (D:1)
  3 ribbon worms (D:2)
  6 orcs
  2 bats
  6 endoplasms
  2 giant cockroaches
  5 goblins
  7 hobgoblins
  9 jackals
  4 quokkas
  6 ball pythons
  4 frilled lizards
  5 kobolds
  7 rats
70 creatures vanquished.

Table legend: (Time is in decaauts)
 A = Elapsed time spent in this place.
 B = Non-inter-level travel time spent in this place.
 C = Inter-level travel time spent in this place.
 D = Time resting spent in this place.
 E = Time spent auto-exploring this place.
 F = Levels seen in this place.
 G = Mean time per level.
                   A        B        C        D        E       F      G
               +--------+--------+--------+--------+--------+-----+--------+
         Total |   2351 |   2271 |     80 |      0 |   1995 |   3 |  783.7 |
       Dungeon |   2351 |   2271 |     80 |      0 |   1995 |   3 |  783.7 |
               +--------+--------+--------+--------+--------+-----+--------+

Top non-repeatable levels by time:
     D:1: 1172 daAuts
     D:2: 1083 daAuts
     D:3: 94 daAuts

Table legend:
 A = Non-vault XP
 B = Vault XP
 C = Vault XP percentage of total XP
 D = Non-vault monster count
 E = Vault monster count
 F = Vault count percentage of total count
                 A         B        C        D         E       F
            +---------+---------+-------+---------+---------+-------
      Total |     158 |      37 |  19.0 |      69 |       1 |   1.4
            +---------+---------+-------+---------+---------+-------
        D:1 |      54 |       0 |   0.0 |      32 |       0 |   0.0
        D:2 |      62 |      37 |  37.4 |      29 |       1 |   3.3
        D:3 |      42 |       0 |   0.0 |       8 |       0 |   0.0
            +---------+---------+-------+---------+---------+-------
